 Dungeon Crawl Stone Soup version 0.31-a0-740-g87205ac768 (webtiles) character file.

Game seed: 3309779556667067444

14 Iich the Chiller (level 2, 20/20 HPs)
             Began as a Demonspawn Ice Elementalist on Sept 12, 2023.
             Got out of the dungeon alive.
             The game lasted 00:01:52 (635 turns).

Iich the Chiller (Demonspawn Ice Elementalist)       Turns: 635, Time: 00:01:53

Health: 20/20      AC:  3    Str:  8    XL:     2   Next: 31%
Magic:  5/5        EV: 12    Int: 16    God:
Gold:   30         SH:  0    Dex: 13    Spells: 4/5 levels left

rFire   . . .        (no weapon)
rCold   . . .        (no shield)
rNeg    . . .        a - +0 robe
rPois   .            c - +0 helmet
rElec   .            (no cloak)
rCorr   .            (no gloves)
SInv    .            (no boots)
Will    .....        (no amulet)
Stlth   ++           (no ring)
HPRegen 0.23/turn    (no ring)
MPRegen 0.18/turn

%: no passive effects
@: no status effects
A: magic regeneration
a: no special abilities


You escaped.
You visited 1 branch of the dungeon, and saw 1 of its levels.

You collected 30 gold pieces.

Inventory:

Armour
 a - a +0 robe (worn)
 c - a +0 helmet (worn)
Potions
 d - 2 potions of resistance {unknown}


   Skills:
 + Level 0.6 Fighting
 + Level 2.0 Dodging
 + Level 2.0 Stealth
 + Level 2.1 Spellcasting
 + Level 3.7 Ice Magic


You had 4 spell levels left.
You knew the following spells:

 Your Spells              Type           Power      Damage    Failure   Level
a - Freeze                Ice            52%        1d6       4%          1

Your spell library contained the following spells:

 Spells                   Type           Power      Damage    Failure   Level
 Frozen Ramparts          Ice            26%        1d4       13%         3
 Ozocubu's Armour         Ice            13%        N/A       13%         3
 Summon Ice Beast         Ice/Summ       7%         N/A       67%         4


Dungeon Overview and Level Annotations

Branches:
Dungeon (1/15)

Altars:


Innate Abilities, Weirdness & Mutations

You regenerate magic rapidly.


Message History

You now have 4/5 mp.
Found a stone staircase leading down.
MP restored: 5
Found a ring mail.
A hobgoblin comes into view.
A hobgoblin is nearby!
You miscast Freeze.
You are very lightly contaminated with residual magic.
Nothing appears to happen.
The hobgoblin shouts!
The hobgoblin hits you.
You take 1 damage, and have 19/20 hp.
You now have 4/5 mp.
You freeze the hobgoblin!
You kill the hobgoblin!
Health restored: 20 You now have 3/5 mp.
Your magical contamination has completely faded away.
There is a stone staircase leading down here.
You enter the shallow water.
Moving in this stuff is going to be slow.
A goblin comes into view. It is wielding a +0 club.
MP restored: 5 You freeze the goblin.
You kill the goblin!
You now have 4/5 mp.
You can't see any susceptible monsters within range! (Use Z to cast anyway.) No other quiver actions available for cycling.
You are not religious.
Char dumped successfully.
Your movement speed is average.
Your attack delay is about 1.0.
Your damage rating with unarmed combat is about 2 (Base [3 + 0 (UC)] x 95% (Str) x 101% (Fight)).
Annotate which branch? (. - D:1, ? - help, ! - show branch list)
Okay, then.
Welcome back, Iich the Demonspawn Ice Elementalist.
Press ? for a list of commands and other information.
What level of the Dungeon? (default 1, ? - help) Magic restored.
There is a staircase leading out of the dungeon here.
MP restored: 5 You have escaped!

####....#
####################... #
##.#####~##)..# #### #...
####...~.###.###.#.# ###..#
#....~...........# . #.#.##
#..~~~....~~~~~.##.. #.#.#
#~~~~..~.~.≈≈≈≈~...~.##...#
#.~.~..~~≈~.~~≈..~~..#..###
#######...~≈~~~.~.≈~~~~..##.##
....#####.~≈≈~~.@.~≈≈≈..##.##
##.....#.~~~≈~~.~.~≈≈≈~...###
##.#..##...~~≈≈~.≈~~~~...#..#
##..##.###...~~≈≈.~≈.~≈...###
>...##..#....~.~~~.~....######
#######...~~.......##~.#.....#
# ###...#########.....#).#
#######..#### ###..##.##
..†...#### #######


There were no monsters in sight!

Vanquished Creatures
  A dart slug (D:1)
  An endoplasm (D:1)
  A giant cockroach (D:1)
  2 goblins (D:1)
  2 hobgoblins (D:1)
  A quokka (D:1)
  A ball python (D:1)
  A kobold (D:1)
  A rat (D:1)
11 creatures vanquished.

Notes
Turn   | Place    | Note
-------+----------+-------------------------------------------
     0 | D:1      | Iich the Demonspawn Ice Elementalist began the quest for
                  | the Orb.
     0 | D:1      | Reached XP level 1. HP: 13/13 MP: 3/3
   272 | D:1      | Gained mutation: You regenerate magic rapidly. [demonic
                  | ancestry]
   272 | D:1      | Reached XP level 2. HP: 9/20 MP: 0/5
   284 | D:1      | HP: 1/20 [frozen (2)]
   296 | D:1      | HP: 1/20 [frozen (2)]
   635 | D:$      | Got out of the dungeon alive.

Illustrated notes

Levels and vault maps discovered:
D:1:      dpeg_arrival_subterranean_lakeside_camping, layout_loops_corners,
          glass_columns_a

Skill      XL: |  1  2 |
---------------+-------+-----
Stealth        | 2 |  2.0
Dodging        | 2 |  2.0
Fighting       | |  0.6
Spellcasting   | |  2.1
Ice Magic      | |  3.7

Action                     || total
---------------------------++-------
  Melee: Unarmed           ||    27
         Punch             ||     2
   Cast: Freeze            ||    16
    Use: Potion            ||     1
 Armour: Robe              ||    18
  Dodge: Dodged            ||    17

Table legend: (Time is in decaauts)
 A = Elapsed time spent in this place.
 B = Non-inter-level travel time spent in this place.
 C = Inter-level travel time spent in this place.
 D = Time resting spent in this place.
 E = Time spent auto-exploring this place.
 F = Levels seen in this place.
 G = Mean time per level.
                   A        B        C        D        E       F      G
               +--------+--------+--------+--------+--------+-----+--------+
         Total |    636 |    629 |      7 |    180 |    355 |   1 |  636.0 |
       Dungeon |    636 |    629 |      7 |    180 |    355 |   1 |  636.0 |
               +--------+--------+--------+--------+--------+-----+--------+

Top non-repeatable levels by time:
     D:1: 636 daAuts
